 Dungeon Crawl Stone Soup version 0.30.1-11-g7821555f0a (webtiles) character file.

Game seed: 8542664014326797745

1355 bnorton916 the Thaumaturge (level 8, -4/41 HPs)
             Began as a Deep Elf Fire Elementalist on Nov 29, 2023.
             Was an Initiate of Vehumet.
             Slain by Pikel
             ... wielding a +1 whip of electrocution
              (10 damage)
             ... on level 5 of the Dungeon.
             The game lasted 00:07:56 (8496 turns).

bnorton916 the Thaumaturge (DEFE)                   Turns: 8496, Time: 00:07:56

Health: -4/41      AC:  3    Str:  5    XL:     8   Next: 37%
Magic:  19/22      EV: 12    Int: 23    God:    Vehumet [......]
Gold:   40         SH:  5    Dex: 15    Spells: 13/23 levels left

rFire   . . .        (no weapon)
rCold   + . .        (no shield)
rNeg    . . .        a - +0 robe
rPois   .            (no helmet)
rElec   .            v - +0 cloak
rCorr   .            (no gloves)
SInv    +            (no boots)
Will    .....        n - amulet of reflection
Stlth   ++           i - ring of protection from cold
HPRegen 0.26/turn    m - ring of see invisible
MPRegen 0.18/turn

%: reflection
@: about to teleport, attractive
A: no striking features
a: Renounce Religion


You were on level 5 of the Dungeon.
You worshipped Vehumet.
Vehumet was noncommittal.
You visited 1 branch of the dungeon, and saw 6 of its levels.

You collected 280 gold pieces.
You spent 240 gold pieces at shops.

Inventory:

Hand Weapons
 w - a +1 spear of venom
Missiles
 l - 28 poisoned darts
Armour
 a - a +0 robe (worn)
 v - a +0 cloak (worn)
Jewellery
 f - a ring of ice
 i - a ring of protection from cold (left hand)
 m - a ring of see invisible (right hand)
 n - an amulet of reflection (around neck)
Wands
 q - a wand of light (4)
Scrolls
 c - 2 scrolls of teleportation
 g - a scroll of vulnerability
 h - 2 scrolls of brand weapon
 k - a scroll of blinking
 o - a scroll of fear
 p - a scroll of amnesia
 t - a scroll of fog
Potions
 b - a potion of magic
 d - a potion of resistance
 e - a potion of attraction
 j - a potion of degeneration
 r - 5 potions of brilliance
 s - 2 potions of haste {unknown}
 u - a potion of invisibility {unknown}
 x - 2 potions of curing
 z - a potion of flight


   Skills:
 - Level 2.4 Dodging
 - Level 2.4 Stealth
 + Level 8.2 Spellcasting
 + Level 6.4 Conjurations
 + Level 7.3 Fire Magic


You had 13 spell levels left.
You knew the following spells:

 Your Spells              Type           Power      Damage    Failure   Level
a - Foxfire               Conj/Fire      100%       2x1d9     1%          1
b - Scorch                Fire           86%        2d9       1%          2
c - Volatile Blastmotes   Fire/Tloc      52%        2d14      4%          3
d - Flame Wave            Conj/Fire      41%        2d11      3%          4

Your spell library contained the following spells:

 Spells                   Type           Power      Damage    Failure   Level
 Inner Flame              Hex/Fire       26%        N/A       4%          3
 Beastly Appendage        Tmut           18%        N/A       7%          1
 Wereblood                Tmut           9%         N/A       11%         2
 Spider Form              Tmut/Pois      9%         N/A       21%         3


Dungeon Overview and Level Annotations

Branches:
Dungeon (6/15)
 Temple: D:4-7

Altars:
Cheibriados
Vehumet
Zin

Shops:
D:5 !

Annotations:
D:2 Robin
D:5 Pikel


Message History

There is an open door here.
There is an entrance to Catef's Distillery here.
x - 2 potions of curing (gained 1);
d - a potion of resistance
r - 5 potions of brilliance (gained 1);
z - a potion of flight Thank you for shopping at Catef's Distillery!
Unknown command.
It was a potion of attraction.
You feel attractive to monsters. Pikel is attracted toward you.
Pikel is attracted toward you.
There is an open door here.
Pikel is attracted toward you. Pikel is attracted toward you.
Pikel attacks as you move away! Pikel closely misses you.
Casting: Foxfire (safe; 1% risk of failure)
Confirm with . or Enter, or press ? or * to list all spells.
Flames lash Pikel.
Pikel is lightly wounded.
Pikel's fire resistance burns away.
You block Pikel's attack.
Pikel hits you with a +1 whip of electrocution!
You are electrocuted!
Unknown command.
Casting: Scorch (safe; 1% risk of failure)
Confirm with . or Enter, or press ? or * to list all spells.
Flames lash Pikel.
Pikel is burned terribly!
Pikel is lightly wounded.
You hear a shout!
Pikel hits you with a +1 whip of electrocution.
You block Pikel's attack. The lemure is attracted toward you.
Unknown command.
As you read the scroll of teleportation, it crumbles to dust.
You feel strangely unstable. Pikel closely misses you.
The lemure is attracted toward you. The lemure is attracted toward you.
Pikel attacks as you move away! Pikel hits you but does no damage.
You are electrocuted!
* * * LOW HITPOINT WARNING * * *
Pikel attacks as you move away!
Pikel hits you with a +1 whip of electrocution!
You die...

.......)....#
###.######.## #.#
#.####
########.ยง..# #.
#...[....##.# #.#
.#####..##.# #.#
#5K##.#####.######
#@.##.............
#..##..####.######
#...#..####.###
#.............####
#...#######.#.....
#.### #.###### #.#
#.#### #.# #....#
#.# ####.#


You could see Pikel (combustible) and a lemure.

Vanquished Creatures
  Grinder (D:6)
  A sky beast (D:6)
  A black bear (D:4)
  A centaur (D:6)
  2 phantoms (D:4)
  4 scorpions
  A howler monkey (D:5)
  3 hounds
  An orc priest (D:4)
  2 iguanas
  A sleepcap (D:5)
  Terence (D:3)
  3 orc wizards
  6 adders
  A white imp (D:6)
  An ufetubus (D:6)
  2 worms
  2 dart slugs
  6 orcs
  6 bats
  14 endoplasms
  2 giant cockroaches
  10 goblins
  4 hobgoblins
  3 quokkas
  6 ball pythons
  6 frilled lizards
  11 kobolds
  5 rats
107 creatures vanquished.

Vanquished Creatures (others)
  466 foxfires
466 creatures vanquished.

Grand Total: 573 creatures vanquished

Notes
Turn   | Place    | Note
-------+----------+-------------------------------------------
     0 | D:1      | bnorton916 the Deep Elf Fire Elementalist began the quest
                  | for the Orb.
     0 | D:1      | Reached XP level 1. HP: 10/10 MP: 6/6
   294 | D:1      | Reached XP level 2. HP: 15/15 MP: 5/8
   638 | D:1      | Learned a level 2 spell: Scorch
  1148 | D:1      | Reached XP level 3. HP: 19/19 MP: 7/10
  2258 | D:2      | Found a faded altar of an unknown god.
  2307 | D:2      | Noticed Robin
  2324 | D:2      | Reached skill level 4 in Spellcasting
  2869 | D:3      | Noticed Terence
  2888 | D:3      | Killed Terence
  2889 | D:3      | Reached XP level 4. HP: 14/24 MP: 2/12
  3909 | D:3      | Reached XP level 5. HP: 28/28 MP: 8/14
  3984 | D:3      | Found a snail-covered altar of Cheibriados.
  4229 | D:4      | Noticed a phantom
  4238 | D:4      | Killed a phantom
  4239 | D:4      | Reached skill level 5 in Spellcasting
  4239 | D:4      | Reached skill level 5 in Fire Magic
  4349 | D:4      | Noticed a phantom
  4363 | D:4      | Killed a phantom
  4364 | D:4      | Reached XP level 6. HP: 18/32 MP: 7/16
  4830 | D:4      | Found a radiant altar of Vehumet.
  4852 | D:4      | Became a worshipper of Vehumet
  5100 | D:4      | Reached skill level 6 in Spellcasting
  5142 | D:4      | Reached XP level 7. HP: 19/36 MP: 8/18
  5912 | D:5      | Entered Level 5 of the Dungeon
  5938 | D:5      | Learned a level 3 spell: Volatile Blastmotes
  5943 | D:5      | Learned a level 4 spell: Flame Wave
  5958 | D:5      | Reached skill level 5 in Conjurations
  6130 | D:5      | Noticed Pikel
  6556 | D:6      | Reached skill level 7 in Spellcasting
  6632 | D:6      | HP: 1/36 [ufetubus (4)]
  6974 | D:6      | Reached XP level 8. HP: 22/41 MP: 14/21
  7193 | D:6      | Noticed Grinder
  7208 | D:6      | Killed Grinder
  7209 | D:6      | Reached skill level 8 in Spellcasting
  7722 | D:6      | Found a glowing silver altar of Zin.
  8461 | D:5      | Found Catef's Distillery.
  8479 | D:5      | Bought a potion of curing for 36 gold pieces
  8479 | D:5      | Bought a potion of resistance for 120 gold pieces
  8479 | D:5      | Bought a potion of brilliance for 48 gold pieces
  8479 | D:5      | Bought a potion of flight for 36 gold pieces
  8496 | D:5      | Slain by Pikel

Illustrated notes

Levels and vault maps discovered:
D:1:      dpeg_arrival_shrine, layout_basic
D:2:      layout_basic, ebering_ecumenical_altar_mist, uniq_robin
D:3:      minmay_general_purpose_star, layout_basic, general_overflow_altar,
          grunt_decor_one_mirror, uniq_terence
D:4:      layout_basic, mainiacjoe_overflow_cross_hatched
D:5:      layout_loops_ring, minmay_temple_entry_slanted, serial_shops,
          kennysheep_mini, uniq_pikel, uniq_ijyb, uniq_sigmund
D:6:      layout_basic, marbit_many_paths, uniq_grinder

Skill      XL: |  1  2  3  4  5  6  7  8 |
---------------+-------------------------+-----
Conjurations   | 2 3 4 5 6 |  6.4
Fire Magic     | 4 5 6 7 |  7.3
Spellcasting   | 4 5 6 7 8 |  8.2
Dodging        | |  2.4
Stealth        | |  2.4

Action                     |  1- 3 |  4- 6 |  7- 9 || total
---------------------------+-------+-------+-------++-------
   Cast: Foxfire           |   114 |   101 |    64 ||   279
         Scorch            |    14 |    17 |    26 ||    57
  Evoke: Wand              |       |       |     1 ||     1
    Use: Scroll            |       |       |     9 ||     9
         Potion            |       |       |     1 ||     1
 Armour: Robe              |     2 |     2 |     4 ||     8
  Dodge: Dodged            |    14 |    12 |    31 ||    57
  Block: Other             |       |     4 |    13 ||    17
